 Dungeon Sprint DCSS version 0.30-a0-1163-gf69bf04e7a (webtiles) character file.

Game seed: 11411576698516761218

33123 sircluck the Executioner (level 13, -10/154 HPs)
             Began as a Hill Orc Berserker on Apr 28, 2023.
             Was a High Priest of Trog.
             Succumbed to a swamp dragon's poison gas
             ... in the Dungeon (Sprint IX: "|||||||||||||||||||||||||||||").
             The game lasted 00:08:49 (4369 turns).

sircluck the Executioner (Hill Orc Berserker)       Turns: 4369, Time: 00:08:49

Health: -10/154    AC: 31    Str: 25    XL:     13   Next: 69%
Magic:  13/13      EV:  9    Int:  7    God:    Trog [*****.]
Gold:   1381       SH: 14    Dex: 13    Spells: 12/12 levels left

rFire   . . .        y - +10 broad axe of Zalucw {heavy, Stlth+}
rCold   . . .        H - +1 tower shield
rNeg    . . .        z - +3 plate armour {Will+}
rPois   .            n - +0 helmet
rElec   .            F - +1 cloak
rCorr   .            v - +0 pair of gloves
SInv    .            G - +1 pair of boots
Will    +....        (no amulet) Stlth
                     k - +3 ring of dexterity
HPRegen 0.45/turn    (no ring)
MPRegen 0.13/turn

%: no teleportation
@: lethally poisoned (-10 -> -80)
A: no striking features
a: Renounce Religion, Berserk, Trog's Hand, Brothers in Arms


You were in the Dungeon.
You worshipped Trog.
Trog was extremely pleased with you.
You visited 1 branch You collected 1917 gold pieces.
You spent 536 gold pieces at shops.

Inventory:

Hand Weapons
 a - a +0 hand axe
 o - a +3 heavy war axe
 r - the +3 broad axe "Ubuir" {heavy, Dex+2}
   (Trog gifted it to you in the Dungeon)

   Dex:       It affects your dexterity (+2).
 s - a +1 heavy war axe
 x - a +2 broad axe
 y - the +10 broad axe of Zalucw (weapon) {heavy, Stlth+}
   (Trog gifted it to you in the Dungeon)

   Stlth:     It makes you more stealthy.
Armour
 b - a +0 animal skin
 m - a +0 plate armour
 n - a +0 helmet (worn)
 v - a +0 pair of gloves (worn)
 w - a +0 pair of boots
 z - a +3 plate armour of willpower (worn)
 A - a +0 pair of boots of stealth
 F - a +1 cloak (worn)
 G - a +1 pair of boots (worn)
 H - a +1 tower shield (worn)
Jewellery
 k - a +3 ring of dexterity (left hand)
 l - a +3 ring of intelligence
 B - a +5 ring of evasion
 C - a ring of protection from fire
 D - a ring of protection from fire
 E - a ring of poison resistance
Wands
 j - a wand of roots (9)
Scrolls
 h - a scroll of blinking
 p - 4 scrolls of enchant armour
 q - 3 scrolls of fog
 t - a scroll of identify
 u - a scroll of silence
 I - 2 scrolls of enchant weapon
Potions
 c - 7 potions of curing
 d - 9 potions of heal wounds
 e - 3 potions of haste
 f - 4 potions of magic
 g - 2 potions of berserk rage
 i - a potion of invisibility


   Skills:
 + Level 25.0 Fighting
 + Level 25.1 Axes
 + Level 19.8 Armour
 + Level 9.3 Dodging
 + Level 1.6 Stealth
 + Level 5.4 Shields
 + Level 1.3 Evocations


You had 12 spell levels left.
You didn't know any spells.
Your spell library was empty.

Dungeon Overview and Level Annotations

Branches:
Dungeon (1/1)

Altars:
Cheibriados
Dithmenos
Elyvilon
Fedhas
Gozag
Hepliaklqana
Kikubaaqudgha
Makhleb
Nemelex Xobeh
Okawaru
Qazlal
Ru
Sif Muna
Trog
Uskayaw
Vehumet
Wu Jian
Xom
Yredelemnul
Zin
The Shining One
Beogh
Jiyva
Lugonu

Shops:
D [*([


Message History

The swamp dragon bites you. You block the swamp dragon's attack.
The swamp dragon closely misses you.
The swamp dragon breathes poison at you.
The blast of poison misses you.
You are engulfed in poison gas.
You are poisoned.
You feel very sick.
You see here a +4 heavy war axe.
You are engulfed in poison gas.
You are more poisoned.
You feel very sick.
You are engulfed in poison gas.
You are more poisoned.
You feel extremely sick.
You are engulfed in poison gas.
You are more poisoned.
You feel extremely sick.
You are engulfed in poison gas.
You are more poisoned.
You feel extremely sick.
You are engulfed in poison gas.
You are more poisoned.
* * * LOW HITPOINT WARNING * * *
You feel extremely sick.
The swamp dragon breathes poison at you.
The blast of poison misses you.
You are engulfed in poison gas.
You are more poisoned.
* * * LOW HITPOINT WARNING * * *
x2 You feel extremely sick.
The human is engulfed in poison gas.
The human is poisoned.
You are engulfed in poison gas.
You are more poisoned.
* * * LOW HITPOINT WARNING * * *
x2 You feel extremely sick.
The human is engulfed in poison gas.
The human looks even sicker.
You are engulfed in poison gas.
You are more poisoned.
* * * LOW HITPOINT WARNING * * *
You die...

▓▓▓▓▓▓▓▓▓▓▓▓▓▓▓▓▓▓▓▓▓▓
§....'†.).y.D.○○@○p°°▓
▓▓▓▓▓▓▓▓▓▓▓▓▓▓▓▓▓▓▓▓.▓
....p.†).............▓
▓▓▓▓▓▓▓▓▓▓▓▓▓▓▓▓▓▓▓▓▓▓
)))))).....'.........▓
▓▓▓▓▓▓▓▓▓▓▓▓▓▓▓▓▓▓▓▓.▓
......).............)▓
▓▓▓▓▓▓▓▓▓▓▓▓▓▓▓▓▓▓▓▓▓▓
..)...)).)...........▓


You could see a swamp dragon, a vampire mosquito and a neutral human (wandering,
very poisoned).

Vanquished Creatures
  Gastronok (D)
  Kirke (D)
  A very ugly thing (D)
  2 dire elephants (D)
  A fire dragon (D)
  Harold (D)
  A spriggan air mage (D)
  2 centaur warriors (D)
  A two-headed ogre (D)
  A boulder beetle (D)
  A deep troll earth mage (D)
  3 orc high priests (D)
  Urug (D)
  A flayed ghost (D)
  4 orc knights (D)
  2 ugly things (D)
  A wolf spider (D)
  3 cyclopes (D)
  5 elephants (D)
  A cane toad (D)
  A gargoyle (D)
  2 komodo dragons (D)
  2 slime creatures (D)
  A wraith (D)
  2 wyverns (D)
  A yak (D)
  A hog (D)
  2 vampire mosquitoes (D)
  6 water moccasins (D)
  10 orc warriors (D)
  A black bear (D)
  2 wolves (D)
  4 centaurs (D)
  A scorpion (D)
  3 orc priests (D)
  A hound (D)
  A shadow imp (D)
  A dart slug (D)
  9 orcs (D)
  2 endoplasms (D)
  A hobgoblin (D)
  A bat (D)
89 creatures vanquished.

Vanquished Creatures (collateral kills)
  A stone giant (D)
  A dire elephant (D)
  An ettin (D)
  An entropy weaver (D)
  An ice dragon (D)
  5 orc high priests (D)
  A pharaoh ant (D)
  An orb spider (D)
  3 orc knights (D)
  A wolf spider (D)
  A steelbarb worm (D)
  2 moths of wrath (D)
  2 cane toads (D)
  A komodo dragon (D)
  A polar bear (D)
  A jumping spider (D)
  A yak (D)
  An orc (D)
26 creatures vanquished.

Grand Total: 115 creatures vanquished

Notes
Turn   | Place    | Note
-------+----------+-------------------------------------------
     0 | D        | sircluck the Hill Orc Berserker began the quest for the
                  | Orb.
     0 | D        | Reached XP level 1. HP: 19/19 MP: 1/1
    13 | D        | Reached ** piety under Trog
    14 | D        | Reached skill level 5 in Axes
    18 | D        | Reached XP level 2. HP: 5/28 MP: 2/2
   118 | D        | Noticed a black bear
   118 | D        | Noticed a scorpion
   130 | D        | Reached *** piety under Trog
   131 | D        | Reached skill level 5 in Fighting
   131 | D        | Reached XP level 3. HP: 28/37 MP: 3/3
   153 | D        | Killed a scorpion
   154 | D        | Reached XP level 4. HP: 22/47 MP: 4/4
   158 | D        | Killed a black bear
   159 | D        | Reached skill level 10 in Axes
   159 | D        | Reached XP level 5. HP: 22/56 MP: 5/5
   172 | D        | Found a roughly hewn altar of Beogh.
   172 | D        | Found a snail-covered altar of Cheibriados.
   172 | D        | Found a shadowy altar of Dithmenos.
   172 | D        | Found a white marble altar of Elyvilon.
   172 | D        | Found a blossoming altar of Fedhas.
   172 | D        | Found an opulent altar of Gozag.
   173 | D        | Found a hazy altar of Hepliaklqana.
   174 | D        | Found a viscous altar of Jiyva.
   175 | D        | Found an ancient bone altar of Kikubaaqudgha.
   176 | D        | Found a corrupted altar of Lugonu.
   177 | D        | Found a burning altar of Makhleb.
   178 | D        | Found a sparkling altar of Nemelex Xobeh.
   179 | D        | Found an iron altar of Okawaru.
   180 | D        | Found a stormy altar of Qazlal.
   181 | D        | Found a sacrificial altar of Ru.
   182 | D        | Found a shimmering blue altar of Sif Muna.
   183 | D        | Found a bloodstained altar of Trog.
   184 | D        | Found a hide-covered altar of Uskayaw.
   185 | D        | Found a radiant altar of Vehumet.
   186 | D        | Found an ornate altar of the Wu Jian Council.
   187 | D        | Found a shimmering altar of Xom.
   188 | D        | Found a basalt altar of Yredelemnul.
   189 | D        | Found a glowing silver altar of Zin.
   190 | D        | Found a glowing golden altar of the Shining One.
   296 | D        | Noticed a centaur
   296 | D        | Noticed a centaur
   296 | D        | Noticed a centaur
   296 | D        | Noticed a vampire mosquito
   296 | D        | Noticed a centaur
   296 | D        | Noticed a wyvern
   299 | D        | Killed a wyvern
   299 | D        | Reached **** piety under Trog
   300 | D        | Reached skill level 10 in Fighting
   300 | D        | Reached XP level 6. HP: 66/66 MP: 6/6
   301 | D        | Reached skill level 5 in Dodging
   307 | D        | Killed a vampire mosquito
   308 | D        | Reached skill level 5 in Armour
   308 | D        | Reached XP level 7. HP: 74/74 MP: 7/7
   312 | D        | Reached ***** piety under Trog
   388 | D        | Noticed a cyclops
   388 | D        | Noticed a cyclops
   388 | D        | Noticed a boulder beetle
   388 | D        | Noticed a gargoyle
   388 | D        | Noticed a two-headed ogre
   388 | D        | Noticed a wraith
   391 | D        | Killed a wraith
   392 | D        | Reached XP level 8. HP: 85/85 MP: 8/8
   396 | D        | Killed a two-headed ogre
   397 | D        | Reached skill level 15 in Axes
   407 | D        | Killed a boulder beetle
   408 | D        | Reached XP level 9. HP: 55/96 MP: 9/9
   408 | D        | Killed a gargoyle
   421 | D        | Killed a cyclops
   422 | D        | Reached skill level 15 in Fighting
   424 | D        | Killed a cyclops
   781 | D        | Noticed a komodo dragon
   781 | D        | Noticed a cane toad
   783 | D        | Killed a cane toad
   784 | D        | Reached XP level 10. HP: 90/106 MP: 10/10
   793 | D        | Received a gift from Trog
   806 | D        | Reached ****** piety under Trog
   969 | D        | Identified the +3 broad axe "Ubuir" {heavy, Dex+2} (Trog
                  | gifted it to you in the Dungeon)
   969 | D        | Received a gift from Trog
  1228 | D        | Noticed a cane toad
  1228 | D        | Noticed a cane toad
  1232 | D        | Reached skill level 10 in Armour
  1246 | D        | Killed a cane toad
  1247 | D        | Killed a cane toad
  1250 | D        | Received a gift from Trog
  1590 | D        | Noticed an elephant
  1590 | D        | Noticed a dire elephant
  1590 | D        | Noticed a dire elephant
  1590 | D        | Noticed an elephant
  1590 | D        | Noticed an elephant
  1590 | D        | Noticed a dire elephant
  1597 | D        | Killed a dire elephant
  1598 | D        | Reached XP level 11. HP: 118/118 MP: 11/11
  1613 | D        | Killed a dire elephant
  1614 | D        | Reached skill level 1 in Evocations
  1620 | D        | Killed a dire elephant
  2152 | D        | Noticed an ettin
  2155 | D        | Received a gift from Trog
  2165 | D        | Killed an ettin
  2199 | D        | Noticed an orc knight
  2199 | D        | Noticed an orc high priest
  2202 | D        | Killed an orc high priest
  2210 | D        | Killed an orc knight
  2211 | D        | Reached skill level 1 in Stealth
  2225 | D        | Received a gift from Trog
  2239 | D        | Found Ozae's Antique Armour Boutique.
  2239 | D        | Noticed an orc knight
  2239 | D        | Noticed an orc high priest
  2239 | D        | Noticed an orc high priest
  2239 | D        | Noticed an orc high priest
  2239 | D        | Noticed an orc knight
  2240 | D        | Noticed an orc knight
  2243 | D        | Noticed a soul eater
  2244 | D        | Killed an orc knight
  2245 | D        | Reached XP level 12. HP: 67/134 MP: 12/12
  2245 | D        | Killed an orc high priest
  2248 | D        | Killed an orc high priest
  2250 | D        | Killed an orc high priest
  2251 | D        | Reached skill level 15 in Armour
  2254 | D        | Noticed an orc high priest
  2258 | D        | Killed an orc high priest
  2258 | D        | Received a gift from Trog
  2258 | D        | Noticed an orc high priest
  2266 | D        | Killed an orc high priest
  2524 | D        | Found Yguihixt's Weapon Shop.
  2528 | D        | Found Caxkiobbe's Assorted Antiques.
  2532 | D        | Found Ciobrewn's Armour Shop.
  2535 | D        | Noticed an orc high priest
  2540 | D        | Noticed an orc high priest
  2541 | D        | Killed an orc high priest
  3152 | D        | Killed an orc high priest
  3152 | D        | Identified the +10 broad axe of Zalucw {heavy, Stlth+}
                  | (Trog gifted it to you in the Dungeon)
  3152 | D        | Received a gift from Trog
  3261 | D        | Bought a glowing plate armour for 416 gold pieces
  3261 | D        | Bought a pair of glowing boots for 120 gold pieces
  3305 | D        | Noticed Harold
  3311 | D        | Killed Harold
  3331 | D        | Noticed Gastronok
  3339 | D        | Killed Gastronok
  3398 | D        | Noticed Urug
  3406 | D        | Killed Urug
  3642 | D        | Noticed a centaur warrior
  3643 | D        | Noticed a centaur warrior
  3645 | D        | Noticed a brown very ugly thing
  3650 | D        | Received a gift from Trog
  3653 | D        | Noticed a spriggan air mage
  3655 | D        | Killed a brown very ugly thing
  3656 | D        | Reached XP level 13. HP: 138/148 MP: 13/13
  3663 | D        | Noticed a stone giant
  3667 | D        | Noticed an ice dragon
  3672 | D        | Reached skill level 1 in Shields
  3849 | D        | Received a gift from Trog
  3979 | D        | Killed a stone giant
  3985 | D        | Killed an ice dragon
  4022 | D        | Noticed a fire dragon
  4031 | D        | Killed a fire dragon
  4270 | D        | Noticed Kirke
  4277 | D        | Killed Kirke
  4277 | D        | Identified the +10 great mace of Jusyar {flame, rN+ Str-4
                  | Stlth+} (Trog gifted it to you in the Dungeon)
  4277 | D        | Received a gift from Trog
  4310 | D        | Noticed an entropy weaver
  4317 | D        | Killed an entropy weaver
  4322 | D        | Received a gift from Trog
  4325 | D        | Reached skill level 5 in Shields
  4349 | D        | Noticed a bunyip
  4369 | D        | HP: 4/154 [swamp dragon] (4)]
  4369 | D        | Succumbed to a swamp dragon's poison gas

Illustrated notes

Levels and vault maps discovered:
D:        linesprint [early_d, line_temple, items_1, d_10, items_2, lair_1,
          lair_end, items_3, orc_1, orc_end, items_4, d_15, swamp_1, shoals_1,
          snake_1, spider_1, d_20, vaults_1, items_5, swamp_end, shoals_end,
          snake_end, spider_end, vaults_end, d_27, items_6, zot_1, zot_end,
          crypt_end, forest_end, elf_end, slime_end, tomb_end, abyss_end,
          pan_hell_end]

Skill      XL: |  1  2  3  4  5  6  7  8  9 10 11 12 13 |
---------------+----------------------------------------+-----
Fighting       | 4 5 7 8 10 11 12 14 15 17 20 23 25 | 25.0
Axes           | 5 6 8 10 11 13 14 17 18 21 22 24 25 | 25.1
Armour         | 3 4 5 6 7 9 11 14 17 19 | 19.8
Dodging        | 2 3 4 5 6 7 8 9 |  9.3
Evocations     | 1 |  1.3
Stealth        | 1 |  1.6
Shields        | 5 |  5.4

Action                     |  1- 3 |  4- 6 |  7- 9 | 10-12 | 13-15 || total
---------------------------+-------+-------+-------+-------+-------++-------
  Melee: Hand axe          |    40 |     5 |       |       |       ||    45
         War axe           |       |    10 |    33 |    26 |       ||    69
         Punch             |       |       |     1 |     1 |       ||     2
         Broad axe         |       |       |       |   120 |    36 ||   156
 Invoke: Berserk           |     1 |     1 |     1 |     1 |       ||     4
         Brothers in Arms  |       |       |       |     7 |     2 ||     9
  Evoke: Wand              |       |       |     1 |       |       ||     1
    Use: Scroll            |       |       |     1 |     2 |     1 ||     4
         Potion            |       |       |       |       |     1 ||     1
 Armour: Animal skin       |     4 |     1 |       |       |       ||     5
         Plate armour      |       |     8 |    18 |    47 |    48 ||   121
  Dodge: Dodged            |    18 |     8 |    22 |    54 |    18 ||   120
  Block: Tower shield      |       |       |       |     4 |    28 ||    32

Table legend: (Time is in decaauts)
 A = Elapsed time spent in this place.
 B = Non-inter-level travel time spent in this place.
 C = Inter-level travel time spent in this place.
 D = Time resting spent in this place.
 E = Time spent auto-exploring this place.
 F = Levels seen in this place.
 G = Mean time per level.
                   A        B        C        D        E       F      G
               +--------+--------+--------+--------+--------+-----+--------+
         Total |   4449 |   3990 |    459 |   1570 |   1085 |   1 | 4449.0 |
       Dungeon |   4449 |   3990 |    459 |   1570 |   1085 |   1 | 4449.0 |
               +--------+--------+--------+--------+--------+-----+--------+

Top non-repeatable levels by time:
       D: 4449 daAuts
